 Dungeon Crawl Stone Soup version 0.18.1-48-g4cf74bf (webtiles) character file.

4725 CountDeLaPain the Thaumaturge (level 10, -4/46 HPs)
             Began as a Spriggan Venom Mage on Aug 28, 2016.
             Was a Follower of Vehumet.
             Slain by a black mamba (13 damage)
             ... on level 1 of the Lair of Beasts.
             The game lasted 00:48:59 (11444 turns).

CountDeLaPain the Thaumaturge (SpVM)               Turns: 11444, Time: 00:48:59

Health: -4/46      AC: 10    Str:  7    XL:     10   Next: 22%
Magic:  34/34      EV: 24    Int: 16    God:    Vehumet [*.....]
Gold:   570        SH:  0    Dex: 18    Spells: 5 memorised, 18 levels left

rFire  . . .     SeeInvis +     J - +2 rapier (protect)
rCold  . . .     Gourm    .     a - +0 robe
rNeg   . . .     Faith    .     (shield restricted)
rPois  .         Spirit   .     (helmet restricted)
rElec  .         Dismiss  .     q - +2 cloak
rCorr  .         Reflect  .     (gloves unavailable)
SustAt .         Harm     .     (boots unavailable)
MR     +....                    (no amulet)
Stlth  ++++......               t - ring of magical power
                                y - ring of wizardry

@: lethally poisoned (-4 -> -20), very quick, somewhat resistant to hostile
enchantments, stealthy
A: unfitting armour, see invisible, herbivore 3, speed 3, slow metabolism 2
a: Renounce Religion


You were on level 1 of the Lair of Beasts.
You worshipped Vehumet.
Vehumet was aware of your devotion.
You were very hungry.

You visited 3 branches of the dungeon, and saw 11 of its levels.
You also visited: Bailey.

You collected 570 gold pieces.

Inventory:

Hand Weapons
 J - a +2 rapier of protection (weapon)
Armour
 a - a +0 robe (worn)
 q - a +2 cloak (worn)
Jewellery
 m - an uncursed amulet of magic regeneration {unknown}
 o - an uncursed ring of see invisible {unknown}
 t - a ring of magical power (right hand)
 u - a +2 ring of evasion {unknown}
 y - a ring of wizardry (left hand)
 H - the ring of the Philosopher {+Fly MP-9 Str+3}
   (You found it on level 8 of the Dungeon)

   [ring of flight]

   It affects your strength (+3).
   It affects your magic capacity (-9).
   It lets you fly.
Wands
 A - a wand of polymorph (6/24)
 G - a wand of hasting (7/9)
Scrolls
 d - 6 scrolls of remove curse
 e - 2 scrolls of fear
 i - 3 scrolls of teleportation
 j - 6 scrolls of identify
 r - 2 scrolls of immolation {unknown}
 v - a scroll of enchant weapon
 z - a scroll of magic mapping {unknown}
 D - 2 scrolls of blinking {unknown}
 F - a scroll of fog {unknown}
Potions
 f - 5 potions of brilliance
 g - a potion of invisibility
 h - 2 potions of curing
 k - 2 potions of ambrosia {unknown}
 l - 2 potions of flight {unknown}
 n - 2 potions of magic {unknown}
 p - a potion of berserk rage {unknown}
 s - a potion of cancellation {unknown}
 w - a potion of mutation {unknown}
 E - 3 potions of lignification {unknown}
Books
 b - a Young Poisoner's Handbook

   Spells                             Type                      Level
   a - Sting                          Conjuration/Poison           1
   b - Cure Poison                    Poison                       2
   c - Mephitic Cloud                 Conjuration/Poison/Air       3
   d - Olgreb's Toxic Radiance        Poison                       4
   e - Venom Bolt                     Conjuration/Poison           5
 x - the Reference Book on Malediction
   (You found it on level 5 of the Dungeon)

   Spells                             Type                      Level
   a - Tukima's Dance                 Hexes                        3
   b - Summon Mana Viper              Hexes/Summoning              5
   c - Darkness                       Hexes                        6
 C - a book of Cantrips

   Spells                             Type                      Level
   a - Corona                         Hexes                        1
   b - Animate Skeleton               Necromancy                   1
   c - Summon Small Mammal            Summoning                    1
   d - Apportation                    Translocation                1
Comestibles
 c - 5 bread rations


   Skills:
 + Level 1.9 Fighting
 + Level 2.5 Short Blades
 + Level 8.2 Dodging
 + Level 6.3 Stealth
 + Level 10.6 Spellcasting
 + Level 3.7 Conjurations
 + Level 2.6 Summonings
 + Level 2.0 Air Magic
 + Level 8.0 Poison Magic
 + Level 0.6 Evocations


You had 18 spell levels left.
You knew the following spells:

 Your Spells              Type           Power        Failure   Level  Hunger
a - Sting                 Conj/Pois      ####         1%          1    None
b - Cure Poison           Pois           ####......   1%          2    None
c - Mephitic Cloud        Conj/Pois/Air  ###.....     1%          3    None
d - Summon Small Mammal   Summ           ###.         1%          1    None
e - Venom Bolt            Conj/Pois      ####......   9%          5    #####..


Dungeon Overview and Level Annotations

Branches:
Dungeon (9/15)             Temple (1/1) D:7            Lair (1/8) D:9
    Orc: D:9-12

Altars:
Ashenzari
Cheibriados
Dithmenos
Elyvilon
Fedhas
Gozag
Kikubaaqudgha
Nemelex Xobeh
Okawaru
Pakellas
Qazlal
Ru
Sif Muna
Vehumet
Yredelemnul
Zin
The Shining One
Lugonu

Shops:
D:5 %


Innate Abilities, Weirdness & Mutations

You are tiny and cannot use many weapons and most armour.
You have supernaturally acute eyesight.
You are a herbivore.
You cover ground extremely quickly.
You need consume almost no food.


Message History

The black mamba bites you. The water moccasin bites you.
You barely miss the black mamba.
The black mamba is severely wounded.
The black mamba bites you!
You are poisoned.
The black mamba poisons you! The black mamba closely misses you.
The water moccasin barely misses you.
You hit the black mamba.
The black mamba is almost dead.
You feel sick. The black mamba bites you. The water moccasin misses you.
The black mamba bites you!
* * * LOW HITPOINT WARNING * * *
The water moccasin misses you.
* * * LOW HITPOINT WARNING * * *
You feel sick.
* * * LOW HITPOINT WARNING * * *
You feel sick.
* * * LOW HITPOINT WARNING * * *
You feel sick. The black mamba bites you!
You die...

###
####P##########
#.............#
+...<........#
#............#
#............#
#....@SS.....#
#............#
#............+
#..).........#
#............#
##P#####.#+###
## ###


You could see a black mamba and a water moccasin.

Vanquished Creatures
  A hill giant (D:8)
  2 deep elf magi
  Joseph (D:7)
  Prince Ribbit (D:7)
  2 two-headed ogres (D:8)
  Sigmund (D:6)
  A steam dragon (D:7)
  A hell hound (D:9)
  Duvessa (D:7)
  Purgy (D:4)
  A sky beast (D:8)
  An ice beast (D:8)
  A phantom (D:8)
  3 centaurs
  2 giant frogs (D:6)
  2 scorpions
  Dowan (D:7)
  6 killer bees (D:8)
  3 howler monkeys (D:7)
  3 crimson imps
  3 orc priests
  5 hounds
  An orc wizard (D:7)
  Crazy Yiuf (D:3)
  3 iguanas
  4 worker ants
  Robin (D:3)
  14 adders
  4 shadow imps
  An ooze (D:2)
  A worm (D:4)
  A dart slug (D:1)
  6 giant geckos
  17 orcs
  4 giant cockroaches
  17 goblins
  12 hobgoblins
  4 jackals (D:2)
  5 kobolds
  2 quokkas
  A ball python (D:7)
  5 bats
  A giant cockroach zombie (D:5)
  2 giant gecko skeletons
  11 giant newts
  2 quokka zombies
  4 rats
167 creatures vanquished.

Vanquished Creatures (collateral kills)
  An ogre (D:8)
  A jelly (D:6)
  A giant gecko (D:7)
3 creatures vanquished.

Grand Total: 170 creatures vanquished

Notes
Turn   | Place    | Note
--------------------------------------------------------------
     0 | D:1      | CountDeLaPain the Spriggan Venom Mage began the quest for the Orb.
     0 | D:1      | Reached XP level 1. HP: 9/9 MP: 5/5
   447 | D:1      | Reached XP level 2. HP: 13/13 MP: 4/6
   943 | D:1      | Reached skill level 3 in Spellcasting
  1260 | D:2      | Reached XP level 3. HP: 16/16 MP: 8/8
  1477 | D:2      | Learned a level 2 spell: Cure Poison
  1674 | D:2      | Reached XP level 4. HP: 13/21 MP: 10/10
  1903 | D:2      | Found a glowing silver altar of Zin.
  1903 | D:2      | Noticed an angel
  2338 | D:3      | Noticed Robin
  2464 | D:2      | Learned a level 3 spell: Mephitic Cloud
  2603 | D:3      | Reached skill level 1 in Conjurations
  2829 | D:3      | Noticed Crazy Yiuf
  2839 | D:3      | Killed Crazy Yiuf
  2839 | D:3      | Reached XP level 5. HP: 18/24 MP: 5/11
  2973 | D:3      | Found a faded altar to an unknown god.
  3368 | D:3      | Killed Robin
  3559 | D:3      | Reached skill level 4 in Spellcasting
  3726 | D:4      | Reached skill level 5 in Dodging
  3821 | D:4      | Reached skill level 5 in Poison Magic
  3867 | D:4      | Found a stormy altar of Qazlal.
  3869 | D:4      | Found a blossoming altar of Fedhas.
  4224 | D:4      | Reached XP level 6. HP: 21/29 MP: 4/13
  4299 | D:4      | Reached skill level 1 in Fighting
  4679 | D:4      | Noticed Purgy
  4701 | D:4      | Killed Purgy
  5061 | D:5      | Entered Level 5 of the Dungeon
  5364 | D:5      | Found Ammeth's Food Emporium.
  5477 | D:5      | Reached skill level 5 in Spellcasting
  5477 | D:5      | Reached XP level 7. HP: 29/33 MP: 9/15
  5554 | D:5      | Found a glowing drain.
  5757 | D:5      | Identified the Reference Book on Malediction (You found it on level 5 of the Dungeon)
  6076 | D:6      | Reached skill level 5 in Stealth
  6600 | D:6      | Noticed Sigmund
  6620 | D:6      | Killed Sigmund
  6796 | D:6      | Learned a level 1 spell: Summon Small Mammal
  7127 | D:5      | Reached skill level 6 in Spellcasting
  7380 | D:5      | Reached XP level 8. HP: 37/37 MP: 18/18
  7518 | D:7      | Noticed Joseph
  7740 | D:7      | Killed Joseph
  7740 | D:7      | Reached skill level 1 in Short Blades
  7740 | D:7      | Reached skill level 7 in Spellcasting
  7740 | D:7      | Reached skill level 1 in Summonings
  8166 | D:7      | Reached skill level 1 in Air Magic
  8299 | D:7      | Found a staircase to the Ecumenical Temple.
  8471 | D:7      | Noticed Prince Ribbit
  8493 | D:7      | Reached skill level 8 in Spellcasting
  8511 | D:7      | Killed Prince Ribbit
  8511 | D:7      | Reached XP level 9. HP: 41/41 MP: 10/22
  8541 | Temple   | Entered the Ecumenical Temple
  8601 | Temple   | Became a worshipper of Vehumet
  8751 | D:7      | Noticed Duvessa
  8752 | D:7      | Noticed Dowan
  8776 | D:7      | Killed Dowan
  8823 | D:7      | Killed Duvessa
  9222 | D:8      | Noticed a hill giant
  9405 | D:8      | Found an oddly glowing altar of Pakellas.
  9405 | D:8      | Found a white marble altar of Elyvilon.
  9406 | D:8      | Found a basalt altar of Yredelemnul.
  9453 | D:8      | Found an opulent altar of Gozag.
  9453 | D:8      | Found a sparkling altar of Nemelex Xobeh.
  9475 | D:8      | Reached skill level 9 in Spellcasting
  9482 | D:8      | Got a transparent copper ring
  9548 | D:8      | Found a flagged portal.
  9587 | Bailey   | Entered a bailey
  9595 | Bailey   | Noticed a deep elf mage
  9602 | Bailey   | Noticed a deep elf mage
  9605 | Bailey   | Noticed a deep elf mage
  9610 | Bailey   | Noticed a deep elf mage
  9615 | Bailey   | Killed a deep elf mage
  9674 | D:8      | Identified the ring of the Philosopher {+Fly MP-9 Str+3} (You found it on level 8 of the Dungeon)
  9884 | D:8      | Killed a deep elf mage
  9884 | D:8      | Reached * piety under Vehumet
  9884 | D:8      | Offered knowledge of Sandblast by Vehumet.
  9967 | D:8      | Reached skill level 10 in Spellcasting
 10020 | D:8      | Learned a level 5 spell: Venom Bolt
 10054 | D:8      | Killed a hill giant
 10054 | D:8      | Reached XP level 10. HP: 23/46 MP: 10/25
 11006 | D:8      | Got a transparent falchion
 11007 | D:8      | Identified the +12 falchion of Qonnewk {slice, rC+ Str-4 Dex+2} (You found it on level 8 of the Dungeon)
 11071 | D:9      | Found a staircase to the Lair.
 11430 | Lair:1   | Entered Level 1 of the Lair of Beasts
 11430 | Lair:1   | Noticed a black mamba
 11444 | Lair:1   | Slain by a black mamba

Skill      XL: |  1  2  3  4  5  6  7  8  9 |
---------------+----------------------------+-----
Spellcasting   | 3 4 5 6 8 10 | 10.6
Dodging        | 4 5 6 7 8 |  8.2
Conjurations   | 1 2 3 |  3.7
Stealth        | 4 5 6 |  6.3
Poison Magic   | 5 6 8 |  8.0
Fighting       | 1 |  1.9
Short Blades   | 1 2 |  2.5
Summonings     | 2 |  2.6
Air Magic      | 1 2 |  2.0
Evocations     | |  0.6

Action                   |  1- 3 |  4- 6 |  7- 9 | 10-12 || total
-------------------------+-------+-------+-------+-------++-------
Melee: Unarmed           |     1 |       |       |       ||     1
       Dagger            |    35 |   114 |    34 |       ||   183
       Short sword       |       |       |   215 |    20 ||   235
       Rapier            |       |       |       |    18 ||    18
 Cast: Sting             |    51 |   167 |   215 |    29 ||   462
       Mephitic Cloud    |       |     8 |    27 |     4 ||    39
       Cure Poison       |       |     2 |     1 |       ||     3
       Summon Small Mamm |       |       |    67 |    15 ||    82
       Venom Bolt        |       |       |     3 |     8 ||    11
Evoke: Wand              |       |       |     4 |       ||     4
  Use: Scroll            |     2 |       |     4 |       ||     6
       Potion            |       |       |       |     1 ||     1
 Stab: Sleeping          |     6 |     6 |     3 |     1 ||    16
       Confused          |       |     1 |     1 |     1 ||     3
       Distracted        |       |       |     2 |       ||     2
  Eat: Bread ration      |       |     1 |       |       ||     1
       Pizza             |       |       |     1 |     2 ||     3
Armor: Robe              |     4 |    24 |    50 |     1 ||    79
Dodge: Dodged            |    42 |   171 |   289 |    47 ||   549
